AoeStats
← oslepov1

Arabia

509930936Analyzed
1v1 RM · 4d ago on Sep 28, 2026· 46m 53s· 2 players
Game mode
Random Map
Map size
Tiny (2 player)
Population
200
Speed
Normal
Resources
Standard
Victory
Conquest
Starting age
Dark Age
Ending age
Imperial Age
RankedLock teamsTeams togetherTeam positionsShared explorationLock speedFull tech treeHidden civsTurbo modeCheats
Victory
Defeat
🇮🇳 Japanese · India
622
+13
🇬🇧 Lithuanians · United Kingdom
552
-25
oslepov1
10:12 Feudal Age
10:35 Loom
10:41 Loom
16:07 Castle Age
15:04 Scale Barding Armor
17:16 Husbandry
22:42 Horse Collar
22:50 Double-Bit Axe
29:01 Heavy Plow
29:14 Bow Saw
33:15 Bloodlines
40:23 Forging
42:36 Chain Barding Armor
43:48 Iron Casting
Simpleton3728
10:48 Feudal Age
11:58 Double-Bit Axe
12:08 Horse Collar
13:08 Man-at-Arms
15:17 Scale Barding Armor
15:16 Scale Mail Armor
15:29 Arson
23:43 Wheelbarrow
22:55 Loom
22:57 Town Watch
25:58 Castle Age
25:10 Forging
28:57 Chain Mail Armor
29:17 Iron Casting
29:10 Pikeman
29:52 Squires
29:48 Gambesons
31:09 Heavy Plow
32:13 Bow Saw
Connection lost

Rejoining the realm…

Still unreachable

The connection could not be restored.

Session expired

The server has moved on; the page needs a fresh start.